 Dungeon Crawl Stone Soup version 0.17.0-9-g801d43b (console) character file.

1340 Kloppie the Shield-Bearer (level 8, -6/65 HPs)
             Began as a Formicid Fighter on Nov 10, 2015.
             Was a Follower of Makhleb.
             Mangled by a gnoll
             ... wielding a +0 whip
              (7 damage)
             ... on level 5 of the Dungeon.
             The game lasted 00:12:45 (4508 turns).

Kloppie the Shield-Bearer (Formicid Fighter)        Turns: 4508, Time: 00:12:45

Health: -6/65      AC:  7    Str: 20      XL:     8   Next: 93%
Magic:  8/8        EV:  6    Int:  9      God:    Makhleb [*.....]
Gold:   154        SH: 10    Dex: 10 (12) Spells: 0 memorised, 7 levels left

rFire  . . .     SeeInvis +     a - +1 war axe
rCold  . . .     Clarity  .     b - +0 scale mail
rNeg   . . .     SustAt   .     c - +0 shield
rPois  .         Gourm    .     (helmet unavailable)
rElec  .         Spirit   .     (no cloak)
rCorr  .         Warding  .     (no gloves)
rMut   .         Stasis   +     (no boots)
MR     .....                    (no amulet)
Stlth  +.........               k - -3 ring of evasion (curse)
                                l - ring of stealth

@: lethally poisoned (-6 -> -7), not resistant to hostile enchantments, very
unstealthy
A: permanent stasis, dig shafts and tunnels, four strong arms, antennae 3,
talons 1
a: Dig, Shaft Self, Renounce Religion


You were on level 5 of the Dungeon.
You worshipped Makhleb.
Makhleb was aware of your devotion.
You were not hungry.

You visited 2 branches of the dungeon, and saw 6 of its levels.

You collected 154 gold pieces.

Inventory:

Hand Weapons
 a - a +1 war axe (weapon)
Missiles
 j - 32 poisoned needles
Armour
 b - a +0 scale mail (worn)
 c - a +0 shield (worn)
 n - a +0 chain mail
Jewellery
 k - a cursed -3 ring of evasion (right hand)
 l - a ring of stealth (left hand)
 w - an uncursed ring of wizardry
Wands
 x - a wand of digging (24)
Scrolls
 f - a scroll of amnesia
 o - a scroll of magic mapping {unknown}
Potions
 d - a potion of might
 g - a potion of cure mutation
 h - a potion of magic
 i - 3 potions of curing
 m - 2 potions of brilliance {unknown}
 q - 3 potions of flight {unknown}
 t - 2 potions of heal wounds {unknown}
 v - a potion of invisibility {unknown}
 A - a potion of resistance {unknown}
 D - 2 potions of mutation {unknown}
Comestibles
 e - 5 bread rations
 p - 6 chunks of flesh
 r - 2 beef jerkies
 s - 17 fruits
 z - a meat ration


   Skills:
 + Level 6.5 Fighting
 + Level 5.3 Axes
 + Level 6.6 Armour
 + Level 7.0 Shields


You had 7 spell levels left.
You didn't know any spells.

Dungeon Overview and Level Annotations

Branches:
Dungeon (5/15)             Temple (1/1) D:4

Altars:
Ashenzari
Cheibriados
Dithmenos
Elyvilon
Gozag
Kikubaaqudgha
Makhleb
Nemelex Xobeh
Okawaru
Sif Muna
Trog
Vehumet
Xom
Yredelemnul
Zin
The Shining One

Annotations:
D:5 Eustachio, Menkaure


Innate Abilities, Weirdness & Mutations

You are under a permanent stasis effect.
You can dig through walls and to a lower floor.
Your four strong arms can wield two-handed weapons with a shield.
You have a pair of large antennae on your head (SInv).
You have sharp toenails.


Message History

Okay, then.
Read which item? (? for menu, Esc to quit)
As you read the scroll of fog, it crumbles to dust.
The scroll dissolves into smoke.
You feel sick. You block the ufetubus's attack.
The ufetubus hits you but does no damage.
The quasit bites you.
* * * LOW HITPOINT WARNING * * *
You feel clumsy. The quasit barely misses you.
The quasit claws you but does no damage.
The ufetubus hits you.
* * * LOW HITPOINT WARNING * * *
The ufetubus hits you.
* * * LOW HITPOINT WARNING * * *
You block the quasit's attack. x2
The quasit claws you but does no damage.
The quasit disappears in a puff of smoke!
The gnoll hits you with a whip!
You die...

#...≈≈♣{≈...#
#...≈≈{≈≈O..#
♣...≈≈≈...♣#
♣....§§§♣♣
♣♣..{g§♣♣
♣♣§§§♣♣
♣♣..5§5♣♣
♣♣..§§.g.♣♣
♣...≈≈≈.@.♣
♣♣..≈≈≈≈≈..♣♣
♣...≈≈_≈≈...♣
♣♣..≈≈≈≈≈..♣♣
♣...≈≈≈...♣
♣♣.......♣♣
### ##
♣♣.)...♣♣ ..#
#. ♣♣...♣♣
#.# ##.
♣♣..[..♣♣ #.#
##..


You could see a gnoll, a shadow imp and an ufetubus.

Vanquished Creatures
  Pikel (D:4)
  An ice beast (D:5)
  A centaur (D:4)
  A giant frog (D:3)
  A giant frog zombie (D:5)
  A jelly (D:3)
  4 orc wizards
  2 orc priests
  2 giant frog skeletons
  A centaur skeleton (D:4)
  2 worker ants
  A worker ant zombie (D:5)
  7 gnolls
  8 adders
  3 oozes
  A worm (D:4)
  4 giant geckos
  21 orcs
  8 hobgoblins
  10 jackals
  7 bats
  3 giant cockroaches (D:2)
  3 giant newts
  6 goblins
  7 kobolds
  2 quokka skeletons
  6 rats
114 creatures vanquished.

Vanquished Creatures (others)
  Sigmund (D:4)
  A giant frog skeleton (D:4)
  An adder (D:4)
  An orc (D:4)
  A kobold (D:4)
5 creatures vanquished.

Grand Total: 119 creatures vanquished

Notes
Turn   | Place    | Note
--------------------------------------------------------------
     0 | D:1      | Kloppie the Formicid Fighter began the quest for the Orb.
     0 | D:1      | Reached XP level 1. HP: 18/18 MP: 1/1
    44 | D:1      | Reached XP level 2. HP: 8/24 MP: 2/2
   386 | D:1      | Reached skill level 4 in Shields
   386 | D:1      | Reached XP level 3. HP: 27/29 MP: 3/3
  1068 | D:2      | Reached XP level 4. HP: 37/37 MP: 4/4
  1105 | D:2      | Found a shimmering altar of Xom.
  1108 | D:2      | Found a shimmering altar of Xom.
  1593 | D:2      | Found a glowing silver altar of Zin.
  1594 | D:2      | Found an opulent altar of Gozag.
  1634 | D:3      | Reached XP level 5. HP: 29/42 MP: 5/5
  1879 | D:3      | Found a sparkling altar of Nemelex Xobeh.
  2059 | D:3      | Reached XP level 6. HP: 38/49 MP: 6/6
  2064 | D:3      | Reached skill level 5 in Shields
  2201 | D:3      | Found an ancient bone altar of Kikubaaqudgha.
  2206 | D:3      | Noticed a giant frog
  2212 | D:3      | Killed a giant frog
  2484 | D:4      | Noticed Sigmund
  2545 | D:4      | Found a staircase to the Ecumenical Temple.
  2554 | Temple   | Entered the Ecumenical Temple
  2724 | Temple   | Became a worshipper of Makhleb the Destroyer
  2853 | D:4      | Noticed Pikel
  2853 | D:4      | Noticed a slave
  2853 | D:4      | Noticed a slave
  2855 | D:4      | Noticed a slave
  2856 | D:4      | Noticed a slave
  2881 | D:4      | Killed Pikel
  2881 | D:4      | Reached skill level 5 in Fighting
  2881 | D:4      | Reached skill level 5 in Armour
  2881 | D:4      | Reached skill level 6 in Shields
  2881 | D:4      | Reached XP level 7. HP: 6/56 MP: 7/7
  2881 | D:4      | Reached XP level 8. HP: 6/63 MP: 8/8
  2994 | D:4      | Killed Sigmund
  3318 | D:4      | Gained mutation: You have sharp toenails. [potion of beneficial mutation]
  3729 | D:5      | Entered Level 5 of the Dungeon
  3815 | D:5      | Found a shattered altar of Ashenzari.
  3865 | D:5      | Reached * piety under Makhleb
  3865 | D:5      | Reached skill level 5 in Axes
  4451 | D:5      | Found a white marble altar of Elyvilon.
  4462 | D:5      | Reached skill level 7 in Shields
  4476 | D:5      | Noticed Eustachio
  4497 | D:5      | Noticed Menkaure
  4505 | D:5      | HP: 3/65 [quasit[Eustachio] (2)]
  4505 | D:5      | HP: 1/65 [ufetubus[Eustachio] (1)]
  4508 | D:5      | Mangled by a gnoll

Action                   |  1- 3 |  4- 6 |  7- 9 || total
-------------------------+-------+-------+-------++-------
Melee: War axe           |    96 |   145 |   128 ||   369
  Use: Scroll            |       |       |    14 ||    14
       Potion            |       |       |     4 ||     4
  Eat: Chunk             |     1 |     5 |     6 ||    12
